 Dungeon Crawl Stone Soup version 0.29-a0-857-g9b1aa3ac5b (webtiles) character file.

Game seed: 15891858741633593191

8944 jfcaron the Grappler (level 11, 0/110 HPs)
             Began as a Troll Hunter on July 16, 2022.
             Slain by a manticore (1 damage)
             ... on level 9 of the Dungeon.
             The game lasted 00:26:44 (7549 turns).

jfcaron the Grappler (Troll Hunter)                 Turns: 7549, Time: 00:26:45

Health: 0/110      AC:  2    Str: 31    XL:     11   Next: 16%
Magic:  10/10      EV: 12    Int:  5    God:
Gold:   0          SH:  4    Dex: 13    Spells: 10/10 levels left

rFire   . . .      SeeInvis +     - Unarmed
rCold   . . .      Faith    .   (no shield)
rNeg    . . .      Spirit   .   d - +0 steam dragon scales
rPois   .          Reflect  .   x - +1 hat {SInv}
rElec   .          Harm     .   (no cloak)
rCorr   .          Rampage  .   (gloves unavailable)
Will    .....                   (boots unavailable)
Stlth   +.........              k - amulet of magic regeneration
HPRegen 1.08/turn               t - +6 ring of strength
MPRegen 0.52/turn               e - ring of flight

@: corroded, flying
A: large, unfitting armour, claws 3, regeneration 1, shaggy fur 1, tough skin 1,
large bone plates 1, deformed body, wild magic 1
a: no special abilities


You were on level 9 of the Dungeon.
You visited 2 branches of the dungeon, and saw 10 of its levels.
You also visited: Bailey.

You collected 230 gold pieces.
You spent 230 gold pieces at shops.

Inventory:

Hand Weapons
 a - a +1 shortbow
 c - the +0 war axe "Reysch" {venom, rF+}
   (You found it on level 9 of the Dungeon)

   It poisons the flesh of those it strikes.
   rF:        It protects you from fire.
Missiles
 w - a javelin
 y - a curare-tipped dart {!f}
 A - 7 poisoned darts (quivered)
Armour
 d - +0 steam dragon scales (worn)
 x - a +1 hat of see invisible (worn)
Jewellery
 e - a ring of flight (right claw)
 h - a ring of protection from cold
 i - a ring of fire
 k - an amulet of magic regeneration (around neck)
 t - a +6 ring of strength (left claw)
Wands
 f - a wand of polymorph (2)
Scrolls
 b - a scroll of immolation
 l - a scroll of fog
 o - 3 scrolls of teleportation
 u - a scroll of magic mapping
 C - a scroll of poison
Potions
 g - a potion of haste
 n - 6 potions of curing
 p - a potion of berserk rage {unknown}
 s - 2 potions of mutation
 v - 2 potions of magic
 z - a potion of attraction
 D - a potion of might
 E - a potion of brilliance


   Skills:
 + Level 7.6 Fighting
 - Level 2.6 Ranged Weapons
 + Level 6.0 Throwing
 * Level 3.8 Armour
 + Level 7.6 Dodging
 - Level 0.3 Stealth
 + Level 8.9 Unarmed Combat


You had 10 spell levels left.
You didn't know any spells.
Your spell library contained the following spells:

 Spells                   Type           Power      Damage    Failure   Level
 Frozen Ramparts          Ice            0%         1d2       89%         3
 Ice Form                 Ice/Tmut       0%         N/A       99%         4
 Petrify                  Tmut/Erth      0%         N/A       99%         4
 Summon Ice Beast         Ice/Summ       0%         N/A       99%         4
 Metabolic Englaciation   Hex/Ice        0%         N/A       100%        5
 Statue Form              Tmut/Erth      0%         N/A       100%        6


Dungeon Overview and Level Annotations

Branches:
Dungeon (9/15)             Temple (1/1) D:6          Bailey (visited)
   Lair: D:8-11         Orc: D:9-12

Altars:
Ashenzari
Cheibriados
Dithmenos
Elyvilon
Fedhas
Gozag
Hepliaklqana
Kikubaaqudgha
Nemelex Xobeh
Okawaru
Qazlal
Ru
Sif Muna
Uskayaw
Vehumet
Wu Jian
Xom
Yredelemnul
The Shining One

Shops:
D:4 !   D:8 [

Annotations:
D:6 2 transporters, valliere's ghost, amateur OpFi


Innate Abilities, Weirdness & Mutations

You are too large for most types of armour.
You have claws for hands.
Your natural rate of healing is unusually fast.
You are covered in fur. (AC +1)
You have tough skin. (AC +1)
You are partially covered in large bone plates. (SH +4)
Armour fits poorly on your strangely shaped body.
Your spells are a little harder to cast, but a little more powerful.


Message History

The manticore barely misses you. x2
Maurice mumbles some strange words.
Maurice blinks!
Unknown command.
The manticore attacks as you move away! The manticore barely misses you.
The manticore closely misses you. The manticore barely misses you.
The gnoll closely misses you.
Aiming: Corrosive Bolt
Press: ? - help, Shift-Dir - straight line, f - manticore, p - Maurice
Aim: a manticore (lightly wounded, 83% to hit)
Okay, then.
You claw the manticore!
The manticore is moderately wounded.
The gnoll hits you with a +0 halberd.
* * * LOW HITPOINT WARNING * * *
The manticore closely misses you. The manticore barely misses you.
The manticore claws you but does no damage.
Unknown command.
Aiming: Corrosive Bolt
Press: ? - help, Shift-Dir - straight line, f/p - Maurice
Aim: Maurice, wielding a +0 spear, wearing a +0 cloak, quivering javelins and carrying a wand of acid (2) (severely wounded, covering ground quickly, 60% to hit)
The bolt of acid hits the manticore!
The manticore is heavily wounded.
The bolt of acid hits Maurice!
Maurice is almost dead.
You block the manticore's attack. The manticore claws you.
* * * LOW HITPOINT WARNING * * *
The manticore misses you. The gnoll misses you.
Unknown command.
Aiming: Corrosive Bolt
Press: ? - help, Shift-Dir - straight line, f/p - Maurice
Aim: Maurice, wielding a +0 spear, wearing a +0 cloak, quivering javelins and carrying a wand of acid (2) (almost dead, covering ground quickly, 60% to hit)
The bolt of acid hits the manticore!
The manticore is severely wounded.
The bolt of acid hits Maurice!
The acid corrodes Maurice!
You kill Maurice!
The now-empty wand crumbles to dust.
The manticore bites you!!
* * * LOW HITPOINT WARNING * * *
The manticore claws you.
You die...

.................#
.................#
.................#
.................# ******
.................# *,,,,*
.............)...########**,_,,**
.................))......,,,,,,,,
#####..........Hg.)(....?,,,,,,,,
#...........@........,,,,,***
#....................,,,,,*
#####....................,,,,,***
.........................,,,,,,,,
.........................,,,,,,,,
#######..................,,,,,,,,
#.................,,,,*****
#.................,,,,*
#........,,,,,,,,,,,,,*


You could see a manticore and a gnoll.

Vanquished Creatures
  Gastronok (D:8)
  2 vault guards (Bailey)
  Pikel (D:5)
  Maurice (D:9)
  A komodo dragon (D:6)
  Prince Ribbit (Bailey)
  6 humans (Bailey)
  2 wyverns
  5 yaks
  A steam dragon (D:7)
  2 water moccasins
  4 sky beasts
  2 ice beasts
  A black bear (D:6)
  An orc warrior (D:7)
  An ogre (D:4)
  A centaur (D:8)
  2 phantoms (D:4)
  15 bullfrogs
  2 kobold brigands (D:8)
  2 necrophages (D:5)
  A gnoll sergeant (D:9)
  A scorpion (D:5)
  3 wights (D:4)
  6 killer bees (D:8)
  6 orc priests
  6 hounds
  Jessica (D:3)
  2 iguanas
  Ijyb (D:3)
  5 orc wizards
  10 adders
  8 gnolls
  5 white imps
  A worm (D:2)
  2 dart slugs (D:1)
  17 orcs
  4 ball pythons
  7 bats
  8 endoplasms
  3 giant cockroaches
  11 goblins
  8 hobgoblins
  8 jackals
  5 quokkas
  2 frilled lizards
  13 kobolds
  4 rats (D:1)
  6 fungi (D:1)
  55 plants (D:2)
  4 toadstools (D:1)
267 creatures vanquished.

Notes
Turn   | Place    | Note
-------+----------+-------------------------------------------
     0 | D:1      | jfcaron the Troll Hunter began the quest for the Orb.
     0 | D:1      | Reached XP level 1. HP: 19/19 MP: 0/0
   103 | D:1      | Reached XP level 2. HP: 28/28 MP: 1/1
   108 | D:1      | Reached skill level 1 in Unarmed Combat
   303 | D:1      | Reached XP level 3. HP: 35/35 MP: 2/2
   861 | D:2      | Reached skill level 2 in Unarmed Combat
   951 | D:2      | Reached XP level 4. HP: 35/44 MP: 3/3
  1020 | D:2      | Found a blossoming altar of Fedhas.
  1853 | D:3      | Noticed Jessica
  1859 | D:3      | Killed Jessica
  1860 | D:3      | Reached XP level 5. HP: 50/52 MP: 4/4
  1965 | D:3      | Noticed Ijyb
  1988 | D:3      | Gained mutation: Armour fits poorly on your strangely
                  | shaped body. [potion of mutation]
  1988 | D:3      | Gained mutation: Your spells are a little harder to cast,
                  | but a little more powerful. [potion of mutation]
  1988 | D:3      | Gained mutation: You are partially covered in large bone
                  | plates. (SH +4) [potion of mutation]
  1990 | D:3      | Killed Ijyb
  2203 | D:4      | Found Qelel's Distillery.
  2318 | D:4      | Bought a potion of haste for 100 gold pieces
  2318 | D:4      | Bought a potion of heal wounds for 50 gold pieces
  2318 | D:4      | Bought a potion of curing for 30 gold pieces
  2318 | D:4      | Bought a potion of heal wounds for 50 gold pieces
  2347 | D:4      | Reached skill level 3 in Unarmed Combat
  2353 | D:4      | Reached XP level 6. HP: 51/61 MP: 5/5
  2731 | D:4      | Noticed an ice beast
  2742 | D:4      | Killed an ice beast
  2743 | D:4      | Reached skill level 4 in Unarmed Combat
  2743 | D:4      | Reached XP level 7. HP: 47/68 MP: 6/6
  3422 | D:5      | Entered Level 5 of the Dungeon
  3506 | D:5      | Found an ancient bone altar of Kikubaaqudgha.
  3563 | D:5      | Reached skill level 5 in Unarmed Combat
  3658 | D:5      | Reached XP level 8. HP: 65/79 MP: 7/7
  3827 | D:4      | Reached skill level 5 in Fighting
  3827 | D:4      | Reached skill level 5 in Dodging
  3864 | D:5      | Identified the +1 leather armour of the Silversmith {rCorr
                  | Str-2 Int+5}
  4249 | D:6      | Noticed a komodo dragon
  4263 | D:6      | Killed a komodo dragon
  4264 | D:6      | Reached skill level 1 in Throwing
  4264 | D:6      | Reached skill level 6 in Unarmed Combat
  4305 | D:6      | Found a transporter.
  4310 | D:6      | Found a staircase to the Ecumenical Temple.
  4326 | Temple   | Entered the Ecumenical Temple
  4445 | D:6      | Noticed valliere's ghost (amateur OpFi)
  4482 | D:6      | Found a transporter.
  4756 | D:6      | Reached XP level 9. HP: 66/89 MP: 8/8
  4851 | D:6      | Noticed Pikel
  4905 | D:5      | Killed Pikel
  5292 | D:7      | Found a sacrificial altar of Ru.
  5355 | D:7      | Reached skill level 7 in Unarmed Combat
  5671 | D:7      | Found an opulent altar of Gozag.
  5672 | D:7      | Found a radiant altar of Vehumet.
  5794 | D:8      | Found Veeroum's Antique Armour Boutique.
  6126 | D:8      | Noticed Gastronok
  6134 | D:8      | HP: 1/92 [Gastronok (29)]
  6141 | D:8      | Killed Gastronok
  6142 | D:8      | Reached skill level 8 in Unarmed Combat
  6142 | D:8      | Reached XP level 10. HP: 42/100 MP: 9/9
  6286 | D:8      | Reached skill level 5 in Throwing
  6812 | D:9      | Reached skill level 1 in Armour
  6852 | D:9      | Found a flagged portal.
  6859 | D:9      | Identified the +1 hand axe "Vecailop" {flame, rPois Str+4}
  6863 | Bailey   | Entered a bailey
  7015 | Bailey   | Noticed Prince Ribbit
  7016 | Bailey   | Noticed a vault guard
  7026 | Bailey   | Killed Prince Ribbit
  7029 | Bailey   | HP: 7/102 [vault guard/+0 broad axe (22)]
  7032 | Bailey   | Killed a vault guard
  7151 | Bailey   | Noticed a vault guard
  7201 | Bailey   | Killed a vault guard
  7202 | Bailey   | Reached XP level 11. HP: 89/109 MP: 10/10
  7370 | D:9      | Identified the +0 war axe "Reysch" {venom, rF+}
  7527 | D:9      | Noticed Maurice
  7542 | D:9      | HP: 21/110 [manticore (4)]
  7542 | D:9      | HP: 7/110 [Maurice/bolt of acid (14)]
  7548 | D:9      | HP: 20/110 [manticore (5)]
  7549 | D:9      | Killed Maurice
  7549 | D:9      | HP: 1/110 [manticore (21)]
  7549 | D:9      | Slain by a manticore

Illustrated notes

Levels and vault maps discovered:
D:1:      ncdulo_halloftheorcs, layout_rooms, minmay_gold_behind_fungi,
          minmay_tripent
D:2:      wad_woods_stonehenge, layout_basic, lemuel_another_geyser
D:3:      layout_loops_ring, uniq_ijyb, uniq_jessica
D:4:      layout_cave_pods, minivault_27, hangedman_decor_opposing,
          nicolae_stop_n_shop_1, minmay_starry_boxes
D:5:      layout_cave_pools, kiku_gazebo_pond_becter, corexii_leaking_fountain,
          grunt_ministairs_14
D:6:      layout_basic, minmay_temple_entry_arrows, gammafunk_ghost_stat_death,
          uniq_pikel
D:7:      layout_rooms, nicolae_overflow_hidden_temple,
          gammafunk_temple_overflow_statue
D:8:      layout_basic, serial_shops, nicolae_stop_n_shop_2,
          grunt_ministairs_12, chequers_serial_rivers_small_a,
          chequers_mini_garden, hangedman_decor_slide_cut, uniq_gastronok
D:9:      layout_long_grid, bloody_makhleb, enter_bailey_2,
          minmay_misc_feat_square, grunt_ministairs_4, uniq_maurice
Temple:   nicolae_temple_no_exploring_needed

Skill      XL: |  1  2  3  4  5  6  7  8  9 10 11 |
---------------+----------------------------------+-----
Unarmed Combat | 1 2 3 4 5 6 8 |  8.9
Dodging        | 2 3 4 5 6 7 |  7.6
Fighting       | 2 3 4 5 6 7 |  7.6
Throwing       | 2 4 5 6 |  6.0
Armour         | 3 |  3.8
Ranged Weapons | |  2.6
Stealth        | |  0.3

Action                   |  1- 3 |  4- 6 |  7- 9 | 10-12 || total
-------------------------+-------+-------+-------+-------++-------
Melee: Unarmed           |    47 |   106 |   243 |   153 ||   549
       Punch             |       |     3 |     7 |     5 ||    15
 Fire: Shortbow          |    76 |   103 |    81 |       ||   260
Throw: Stone             |     7 |     2 |    62 |    14 ||    85
       Dart              |       |       |       |    11 ||    11
Evoke: Wand              |       |       |     5 |    11 ||    16
  Use: Potion            |     1 |     7 |     2 |     3 ||    13
       Scroll            |       |     6 |     3 |     6 ||    15
Armor: Robe              |    49 |    38 |    50 |       ||   137
       Steam dragon scal |       |       |    14 |    28 ||    42
Dodge: Dodged            |    51 |    58 |   127 |   101 ||   337
Block: Other             |       |     9 |    34 |    32 ||    75

Table legend: (Time is in decaauts)
 A = Elapsed time spent in this place.
 B = Non-inter-level travel time spent in this place.
 C = Inter-level travel time spent in this place.
 D = Time resting spent in this place.
 E = Time spent auto-exploring this place.
 F = Levels seen in this place.
 G = Mean time per level.
                   A        B        C        D        E       F      G
               +--------+--------+--------+--------+--------+-----+--------+
         Total |   7530 |   7042 |    488 |    533 |   4730 |  11 |  684.5 |
       Dungeon |   7063 |   6575 |    488 |    395 |   4655 |   9 |  784.8 |
        Temple |      6 |      6 |      0 |      0 |      5 |   1 |    6.0 |
        Bailey |    459 |    459 |      0 |    138 |     70 |   1 |  459.0 |
               +--------+--------+--------+--------+--------+-----+--------+

Top non-repeatable levels by time:
     D:4: 1242 daAuts
     D:2: 1061 daAuts
     D:6: 946 daAuts
     D:5: 860 daAuts
     D:8: 826 daAuts
     D:7: 703 daAuts
     D:3: 649 daAuts
     D:1: 516 daAuts
  Bailey: 459 daAuts
     D:9: 257 daAuts
  Temple: 6 daAuts
